Map: Kairos Junction LE

Players

CannonRusher - Winner!

  • Race: Protoss Protoss
  • League: Master
  • Spawn Location: 11:00

Ikaruga

  • Race: Terran Terran
  • League: Master
  • Spawn Location: 5:00

VOD

Have the link to the VOD?

Description

Time

  • Played on: May 15, 2019, 2:35 p.m.
  • Length: 9:48
Show
View Real Time Build Order
Export as new Build Order

CannonRusher Protoss - Winner!

Build Orders:  

Get SALT Encoding   

  12  0:01  Probe  
  13  0:13  Probe  
  14  0:18  Pylon  
  14  0:25  Probe  
  15  0:37  Probe  
  15  0:40  Forge  
  16  1:06  Pylon  
  16  1:13  Assimilator  
  16  1:28  Photon Cannon  
  16  1:29  Pylon  
  16  1:44  Probe  
  17  1:50  Gateway  
  17  1:56  Probe  
  18  2:05  Assimilator  
  18  2:06  Probe  
  18  2:09  Assimilator  
  18  2:14  Probe  
  19  2:22  Photon Cannon  
  20  2:23  Probe  
  21  2:35  Probe  
  22  2:38  Cybernetics Core  
  22  2:43  Zealot  
  24  2:46  Pylon  
  24  2:47  Probe  
  25  2:59  Probe  
  26  3:06  Photon Cannon  
  26  3:11  Probe  
  27  3:18  Stargate, Adept  
  27  3:19  Shield Battery  
  27  3:24  Shield Battery  
  29  3:36  Shield Battery  
  29  3:49  Shield Battery  
  29  3:54  Void Ray  
  33  4:24  Photon Cannon  
  33  4:30  Shield Battery  
  33  4:36  Pylon  
  33  4:54  Void Ray  
  37  5:05  Fleet Beacon  
  37  5:09  Photon Cannon  
  37  5:33  Pylon  
  37  5:37  Pylon  
  37  5:42  Oracle  
  37  5:53  Photon Cannon  
  40  6:08  Tempest  
  41  6:51  Tempest  
  46  6:56  Nexus  
  46  7:15  Pylon  
  46  7:20  Photon Cannon  
  46  7:23  Tempest  
  46  7:42  Probe  
  47  7:54  Probe  
  48  8:06  Tempest  
  48  8:10  Photon Cannon  
  53  8:25  Photon Cannon  
  53  8:29  Assimilator  
  53  8:30  Probe  
  54  8:42  Probe  
  54  8:45  Photon Cannon  
  55  8:54  Probe  
  56  8:59  Tempest  
  61  9:27  Robotics Facility  
  61  9:29  Assimilator  
Show
View Real Time Build Order
Export as new Build Order

Ikaruga Terran 

Build Orders:  

Get SALT Encoding   

  12  0:00  SCV  
  13  0:13  SCV  
  14  0:18  Supply Depot  
  14  0:25  SCV  
  15  0:31  Refinery  
  15  0:40  SCV  
  16  0:45  Barracks  
  16  0:54  SCV  
  17  1:15  SCV  
  18  1:28  SCV  
  19  1:33  Marine  
  19  1:35  Bunker  
  20  1:40  Factory  
  20  1:51  Marine  
  21  1:55  Supply Depot  
  21  2:01  SCV  
  22  2:09  Marine  
  23  2:16  Supply Depot  
  24  2:23  Orbital Command  
  24  2:24  Factory Tech Lab  
  23  2:39  Supply Depot  
  23  2:44  Siege Tank  
  23  2:50  SCV  
  27  2:54  Marine  
  28  3:06  Refinery  
  28  3:12  Barracks Tech Lab  
  28  3:17  SCV, Widow Mine  
  31  3:23  Supply Depot  
  31  3:29  SCV  
  32  3:38  Widow Mine  
  34  3:41  SCV  
  34  3:44  Ghost Academy  
  34  3:47  Supply Depot  
  35  3:54  SCV  
  36  4:00  Widow Mine  
  38  4:06  SCV  
  39  4:16  Nuke  
  41  4:18  SCV  
  41  4:21  Widow Mine  
  44  4:27  Supply Depot  
  44  4:30  SCV  
  45  4:42  SCV  
  45  4:43  Unknown  
  45  4:44  Widow Mine  
  46  5:05  SCV  
  46  5:06  Widow Mine  
  49  5:17  Supply Depot  
  48  5:26  SCV  
  48  5:27  Engineering Bay, Widow Mine  
  51  5:38  SCV  
  54  5:45  Supply Depot  
  54  5:50  Widow Mine  
  56  5:57  Missile Turret  
  56  6:00  Missile Turret  
  56  6:01  Missile Turret  
  56  6:05  Unknown  
  56  6:11  Marine  
  56  6:14  Widow Mine  
  58  6:21  Hi-Sec Auto Tracking, Missile Turret  
  56  6:49  Nuke  
  56  6:59  Command Center  
  54  7:14  SCV  
  55  7:18  Supply Depot  
  55  7:20  Supply Depot  
  55  7:21  Supply Depot  
  55  7:31  Widow Mine  
  55  7:32  Personal Cloaking  
  56  7:43  Neosteel Armor  
  58  7:53  Supply Depot  
  58  8:07  Widow Mine, Unknown  
  62  8:31  Widow Mine  
  62  8:33  Command Center  
  64  8:36  Unknown  
  64  8:40  Marine  
  65  8:52  Widow Mine  
  66  8:57  SCV  
  64  9:25  Marine  
  64  9:30  SCV  
  66  9:34  Ghost Academy  
  66  9:36  Ghost Academy  
Tags
 
Add a new tag
Caveats
  • Supply blocks, unpowered buildings, or Contaminate may cause inaccurate times.
  • Supply counts are checked every 10 seconds.